 Dungeon Crawl Stone Soup version 0.23.0-3-gf3c87f2 (webtiles) character file.

Game seed: 2778629840862348752

226 Borgoz the Sneak (level 6, -3/34 HPs)
             Began as a Kobold Enchanter on Feb 23, 2019.
             Slain by a phantom (9 damage)
             ... on level 4 of the Dungeon.
             The game lasted 00:07:15 (4449 turns).

Borgoz the Sneak (Kobold Enchanter)                 Turns: 4449, Time: 00:07:15

Health: -3/34      AC:  3    Str:  6    XL:     6   Next: 21%
Magic:  10/10      EV: 16    Int: 16    God:
Gold:   169        SH:  3    Dex: 17    Spells: 8/11 levels left

rFire    . . .     SeeInvis .   a - +1 dagger
rCold    . . .     Gourm    .   (shield restricted)
rNeg     . . .     Faith    .   b - +0 robe
rPois    .         Spirit   .   (no helmet)
rElec    .         Reflect  +   (no cloak)
rCorr    +         Harm     .   f - +0 pair of gloves (curse)
MR       .....                  (no boots)
Stlth    +++.......             o - +3 amulet of reflection
HPRegen  0.11/turn              i - ring of resist corrosion
MPRegen  0.12/turn              (no ring)

@: about to teleport
A: small, carnivore
a: no special abilities


You were on level 4 of the Dungeon.
You were very full.

You visited 1 branch of the dungeon, and saw 4 of its levels.

You collected 169 gold pieces.

Inventory:

Hand Weapons
 a - a +1 dagger (weapon)
Missiles
 m - 35 poisoned needles
Armour
 b - a +0 robe (worn)
 e - a +0 leather armour
 f - a cursed +0 pair of gloves (worn)
Jewellery
 c - an uncursed amulet of faith {unknown}
 i - a ring of resist corrosion (left hand)
 k - a +4 ring of strength {unknown}
 o - a +3 amulet of reflection (around neck)
Wands
 p - a wand of paralysis (8)
 q - a wand of random effects (13)
Scrolls
 h - a scroll of teleportation
 j - a scroll of noise {unknown}
 n - a scroll of random uselessness {unknown}
 r - 2 scrolls of amnesia {unknown}
Potions
 g - a potion of haste
Comestibles
 d - 11 rations
 u - a chunk of flesh


   Skills:
 + Level 1.2 Fighting
 + Level 3.4 Short Blades
 + Level 3.5 Dodging
 + Level 5.4 Stealth
 + Level 3.2 Spellcasting
 + Level 3.6 Hexes
 + Level 1.1 Ice Magic


You had 8 spell levels left.
You knew the following spells:

 Your Spells              Type           Power        Failure   Level  Hunger
a - Corona                Hex            ##.....      4%          1    None
b - Ensorcelled Hibernat  Hex/Ice        ##....       11%         2    ##.....

Your spell library contained the following spells:

 Spells                   Type           Power        Failure   Level  Hunger
 Confuse                  Hex            ##......     12%         3    ###....
 Tukima's Dance           Hex            ##......     12%         3    ###....
 Dazzling Spray           Conj/Hex       #.....       26%         3    ###....


Dungeon Overview and Level Annotations

Branches:
Dungeon (4/15)
 Temple: D:4-7

Altars:
Elyvilon
Gozag
Hepliaklqana
Nemelex Xobeh


Innate Abilities, Weirdness & Mutations

You are small and have problems with some larger weapons.
You are carnivorous and can eat meat at any time.


Message History

You fly up into the air.
The phantom completely misses you.
It was a potion of agility.
You feel agile all of a sudden. The phantom hits you.
* * * LOW HITPOINT WARNING * * *
The phantom blinks!
It was a potion of cancellation.
Your magical effects are unravelling.
You feel magically purged.
You float gracefully downwards.
You feel a little less agile now. The phantom barely misses you.
You hit the phantom but do no damage.
The phantom is moderately damaged.
The phantom misses you.
You hit the phantom but do no damage.
The phantom is moderately damaged.
As you read the scroll labeled PAZOOC QEESCH, it crumbles to dust.
You feel strangely unstable.
It was a scroll of teleportation.
The phantom hits you!
You die...

....#..#.......#.#
....#†###.....##.##
....#.# #....##...#
#.[...#
##.#####'####
##.#.##
####.#...#.## ###†#
#_.'.⌠.÷._# #..#
##.#...#.## ##.##
####+#### #...##
#W@.# #....## ##_##
##....## ###
###..)## ##...##
##...## ##.<.#
##...# ##.....


You could see a phantom.

Vanquished Creatures
  A hound (D:4)
  3 gnolls (D:4)
  9 adders
  3 worms
  2 dart slugs
  3 leopard geckos
  3 orcs (D:3)
  3 ball pythons
  7 bats
  2 giant cockroaches (D:1)
  3 goblins
  4 hobgoblins
  13 jackals (D:2)
  A quokka (D:3)
  6 frilled lizards
  7 kobolds
  A quokka zombie (D:3)
  6 rats
77 creatures vanquished.

Notes
Turn   | Place    | Note
-------+----------+-------------------------------------------
     0 | D:1      | Borgoz the Kobold Enchanter began the quest for the Orb.
     0 | D:1      | Reached XP level 1. HP: 10/10 MP: 3/3
   299 | D:1      | You fall through a shaft!
   299 | D:2      | Found a faded altar of an unknown god.
   325 | D:2      | Reached XP level 2. HP: 14/15 MP: 5/5
   892 | D:1      | Learned a level 2 spell: Ensorcelled Hibernation
   899 | D:1      | Reached XP level 3. HP: 19/19 MP: 6/6
  1552 | D:2      | Reached XP level 4. HP: 21/24 MP: 8/8
  1873 | D:2      | Found a white marble altar of Elyvilon.
  2366 | D:2      | Found a sparkling altar of Nemelex Xobeh.
  2621 | D:3      | Reached XP level 5. HP: 25/28 MP: 1/9
  3029 | D:3      | Reached skill level 5 in Stealth
  3601 | D:3      | Reached skill level 1 in Fighting
  4084 | D:4      | Reached skill level 1 in Ice Magic
  4141 | D:4      | Reached XP level 6. HP: 34/34 MP: 5/10
  4388 | D:4      | Found a sparkling altar of Nemelex Xobeh.
  4408 | D:4      | Found an opulent altar of Gozag.
  4411 | D:4      | Found a hazy altar of Hepliaklqana.
  4412 | D:4      | Noticed a phantom
  4449 | D:4      | Slain by a phantom

Skill      XL: |  1  2  3  4  5 |
---------------+----------------+-----
Short Blades   | 2 3 |  3.4
Dodging        | 3 |  3.5
Stealth        | 5 |  5.4
Spellcasting   | 3 |  3.2
Fighting       | 1 |  1.2
Ice Magic      | 1 |  1.1
Hexes          | |  3.6

Action                   |  1- 3 |  4- 6 || total
-------------------------+-------+-------++-------
Melee: Dagger            |   148 |   288 ||   436
 Cast: Corona            |     8 |     2 ||    10
       Ensorcelled Hiber |     2 |    25 ||    27
  Use: Potion            |     1 |     7 ||     8
       Scroll            |       |     1 ||     1
 Stab: Sleeping          |     9 |    21 ||    30
  Eat: Chunk             |    11 |    10 ||    21
Armor: Robe              |    20 |    42 ||    62
       Skin              |       |    25 ||    25
Dodge: Dodged            |   112 |   193 ||   305
Block: Other             |       |    28 ||    28
